Map: Kairos Junction LE

Players

eonblu

  • Race: Zerg Zerg
  • League: Grandmaster
  • Spawn Location: 5:00

TYTY (TY) - Winner!

  • Race: Terran Terran
  • League: Diamond
  • Spawn Location: 11:00

Event: HomeStory Cup XIX

VOD

Have the link to the VOD?

Description

Time

  • Played on: June 28, 2019, 10:36 a.m.
  • Length: 7:00

All games in this series

Show
View Real Time Build Order
Export as new Build Order

eonblu Zerg 

Build Orders: Pool First, Ravager All-In 

Get SALT Encoding   

  12  0:02  Drone  
  13  0:12  Overlord  
  13  0:18  Drone  
  14  0:31  Drone  
  14  0:32  Drone  
  16  0:40  Spawning Pool  
  15  0:47  Drone x2  
  17  1:08  Hatchery  
  16  1:12  Drone  
  16  1:16  Extractor  
  16  1:17  Drone, Extractor  
  16  1:27  Zergling x2  
  16  1:28  Zergling x2  
  18  1:36  Roach Warren  
  17  1:41  Drone  
  18  1:54  Overlord  
  18  2:18  Roach x2  
  18  2:20  Roach  
  24  2:27  Roach  
  26  2:33  Roach  
  28  2:39  Ravager x2  
  30  2:49  Ravager  
  30  2:50  Overlord  
  31  2:54  Drone  
  32  3:00  Ravager  
  33  3:06  Drone  
  33  3:10  Drone  
  35  3:13  Drone  
  35  3:16  Ravager  
  35  3:19  Drone  
  37  3:37  Drone x5  
  42  3:51  Queen  
  38  4:04  Lair  
  38  4:05  Drone x5  
  40  4:15  Overlord  
  40  4:28  Extractor  
  40  4:29  Extractor  
  40  4:30  Overlord  
  38  4:33  Queen  
  38  4:37  Zergling x6  
  38  4:38  Metabolic Boost  
  40  4:49  Overlord  
  40  5:05  Spire  
  39  5:07  Overlord  
  39  5:08  Drone x5  
  44  5:14  Overlord  
  44  5:29  Drone x3  
  44  5:30  Glial Reconstitution  
  44  5:31  Drone  
  44  5:34  Drone x2  
  50  5:43  Drone  
  50  6:06  Overlord x2  
  50  6:07  Nydus Network  
  50  6:08  Zergling x6  
  52  6:19  Overlord  
  52  6:25  Mutalisk x3  
  50  6:26  Zergling x8  
  50  6:32  Mutalisk  
Show
View Real Time Build Order
Export as new Build Order

TYTY Terran - Winner!

Build Orders: Reaper Expand 

Get SALT Encoding   

  12  0:00  SCV  
  13  0:13  SCV  
  14  0:16  Supply Depot  
  14  0:25  SCV  
  15  0:38  SCV  
  15  0:39  Barracks  
  16  0:43  Refinery  
  16  0:50  SCV  
  17  1:02  SCV  
  18  1:14  SCV  
  19  1:26  Orbital Command, Reaper  
  20  1:40  Command Center  
  20  1:48  Supply Depot  
  20  1:52  SCV  
  21  1:57  Marine  
  22  2:04  Factory  
  22  2:08  SCV  
  22  2:14  Refinery  
  23  2:20  Barracks Reactor, SCV  
  24  2:32  SCV  
  25  2:45  SCV  
  25  2:49  Starport  
  26  2:52  Orbital Command  
  26  2:57  SCV  
  27  2:59  Hellion x2  
  27  3:02  Barracks Tech Lab  
  31  3:25  Viking  
  33  3:27  Marine x2, Cyclone, Supply Depot  
  33  3:31  SCV  
  39  3:38  SCV  
  38  3:51  Marine  
  38  3:52  SCV  
  38  3:53  Marine  
  36  3:57  SCV  
  29  4:05  SCV  
  29  4:09  SCV  
  28  4:11  Marine  
  30  4:17  SCV  
  30  4:18  Factory Tech Lab  
  30  4:21  SCV  
  32  4:29  SCV  
  33  4:33  SCV  
  34  4:40  Supply Depot  
  34  4:41  Cyclone  
  34  4:43  SCV  
  34  4:45  Medivac  
  38  4:55  Supply Depot  
  38  5:01  SCV x2  
  38  5:04  Marine x2  
  42  5:11  Supply Depot  
  42  5:13  SCV x2  
  44  5:16  Siege Tank  
  44  5:17  Starport Tech Lab  
  47  5:23  Marine x2  
  47  5:26  SCV  
  50  5:28  SCV  
  50  5:30  Supply Depot  
  50  5:34  Supply Depot  
  51  5:38  SCV  
  51  5:41  SCV  
  53  5:44  Barracks  
  53  5:49  Siege Tank  
  56  5:50  Marine, SCV  
  58  6:01  SCV  
  59  6:04  Starport Reactor  
  59  6:07  Barracks, SCV  
  60  6:11  Marine  
  60  6:15  SCV  
  62  6:22  Siege Tank  
  65  6:26  SCV  
  65  6:29  Marine  
  67  6:39  SCV  
  68  6:40  SCV  
  68  6:41  Engineering Bay  
Tags
 
Add a new tag
Caveats
  • Supply blocks, unpowered buildings, or Contaminate may cause inaccurate times.
  • Supply counts are checked every 10 seconds.